Cogmind - Beta 14 @@@ ROGUE MODE // 2024.12.08 @ 18:52:19 Player: GordnCZ Result: Self-destructed Performance ------------- Evolutions (1) 500 Regions Visited (2) 400 Robots Destroyed (30) 150 Value Destroyed (635) 635 Prototype IDs (0) 0 Alien Tech Used (0) 0 Bonus (0) 0 TOTAL SCORE: 1685 Bonus ------- None Cogmind --------- Core Integrity 386/400 Matter 11/300 Energy 250/250 System Corruption 0% Temperature Cool (34) Movement Rolling (100) Location -9/Materials Parts ------- > --- POWER (1) -------- Ion Engine > --- PROPULSION (3) --- Compact Wheel Compact Wheel Compact Wheel > --- UTILITY (3) ------ Large Storage Unit > --- WEAPON (2) ------- Light Cannon Grenade Launcher > --- INVENTORY (15) --- Ion Engine Wheel Wheel Large Storage Unit Light Assault Rifle Light Assault Rifle Light Cannon Grenade Launcher Peak State ------------ > --- POWER ------------ Ion Engine > --- PROPULSION ------- Compact Wheel Compact Wheel Compact Wheel > --- UTILITY ---------- Large Storage Unit Hacking Suite Tractor Beam > --- WEAPON ----------- Light Cannon Grenade Launcher > --- INVENTORY -------- Ion Engine Wheel Wheel Light Assault Rifle Light Assault Rifle Light Cannon Grenade Launcher [Rating: 11] Favorites ----------- Power Ion Engine Engine Ion Engine Propulsion Light Treads Treads Light Treads Wheel Compact Wheel Utility Hacking Suite Device Tractor Beam Storage Large Storage Unit Hackware Hacking Suite Weapon Light Cannon Ballistic Gun Assault Rifle Ballistic Cannon Light Cannon Launcher Grenade Launcher Build | -11 -10 -9 ------- Run | Yrd Mat Mat Slots Evolved 2 | . . 2 Power . | . . . Propulsion 1 | . . 1 Utility 1 | . . 1 Weapon . | . . . Parts Attached 35 | 6 18 11 Power 3 | 1 1 1 Engine 3 | 1 1 1 Core . | . . . Reactor . | . . . Propulsion 14 | 2 8 4 Treads 2 | 2 . . Leg . | . . . Wheel 12 | . 8 4 Hover . | . . . Flight . | . . . Utility 7 | 1 2 4 Device 3 | . . 3 Storage 3 | 1 1 1 Processor . | . . . Hackware 1 | . 1 . Protection . | . . . Artifact . | . . . Weapon 11 | 2 7 2 Energy Gun . | . . . Energy Cannon . | . . . Ballistic Gun 3 | 2 1 . Ballistic Cannon 3 | . 2 1 Launcher 5 | . 4 1 Special Weapon . | . . . Impact Weapon . | . . . Slashing Weapon . | . . . Piercing Weapon . | . . . Special Melee Weapon . | . . . Unidentified Prototypes . | . . . Parts Lost 4 | . 3 1 Power . | . . . Propulsion 2 | . 2 . Utility 1 | . . 1 Weapon 1 | . 1 . Highest Loss Streak 1 | . 1 1 To Critical Strikes . | . . . Average Slot Usage (%) 93 | . 94 80 Engine 13 | . 13 7 Treads 16 | . 17 . Wheel 9 | . 8 28 Storage 13 | . 14 11 Hackware 10 | . 11 5 Ballistic Gun 7 | . 8 . Ballistic Cannon 11 | . 11 9 Launcher 7 | . 7 9 Peak Build Rating 11 | 6 9 11 Average Rating 8 | 4 8 8 On Entrance 5 | . 6 9 Naked Turns . | . . . Heaviest Build 32 | 13 31 32 Greatest Support 48 | 40 40 48 Greatest Overweight (x) 1 | . 1 1 Average Overweight (x) . | . . . Largest Inventory Capacity 15 | 8 15 15 Average Capacity 12 | 6 12 15 Most Carried 9 | 4 9 9 Average Carried 5 | 2 5 8 Final Capacity 15 | 8 15 15 Final Carried 9 | 4 9 8 Class Distribution -------------------- 100% | Mutant Dominant Class ---------------- Mutant | -10/Materials Mutant | -9/Materials Resources | -11 -10 -9 ----------- Run | Yrd Mat Mat Matter Collected 697 | 233 464 . Remotely . | . . . Salvage Created 698 | . 697 1 Parts 54 | . 52 2 Haulers Intercepted . | . . . Recyclers Shooed 1 | . 1 . Parts Field Recycled . | . . . Retrieved Matter . | . . . Parts Self-Destructed . | . . . Prevented . | . . . Kills | -11 -10 -9 ------- Run | Yrd Mat Mat Combat Hostiles Destroyed 18 | . 18 . Guns 7 | . 7 . Cannons 5 | . 5 . AOE 6 | . 6 . Classes Destroyed 8 | . 8 . Worker 2 | . 2 . Builder 2 | . 1 1 Tunneler 1 | . 1 . Recycler 2 | . 2 . Operator 2 | . 2 . Watcher 3 | . 3 . Swarmer 6 | . 6 . Grunt 12 | . 12 . Best Kill Streak 6 | . 6 1 Combat Bots Only 5 | . 5 . Max Kills in Single Turn 3 | . 3 1 Gunslinging 1 | . 1 . Exploded 2 | . 2 . Melee . | . . . Uniques/NPCs Destroyed . | . . . Combat | -11 -10 -9 -------- Run | Yrd Mat Mat Hostile Shots Fired 105 | . 91 14 Missed 35 | . 34 1 Damage Taken 986 | . 791 195 Core 181 | . 167 14 Absorbed by Shields . | . . . Regen/Repaired (Parts) 87 | . 87 . Core Remaining (%) 66 | 100 33 . Volleys Fired 62 | . 54 8 Largest 2 | . 2 2 Hottest 65 | . 65 65 Shots Fired 120 | . 104 16 Gun 70 | . 70 . Cannon 32 | . 24 8 Launcher 18 | . 10 8 Special . | . . . Kinetic 102 | . 94 8 Thermal . | . . . Explosive 18 | . 10 8 Electromagnetic . | . . . Robot Hit Streak 16 | . 10 16 Robot Miss Streak 4 | . 4 1 Penetration Max . | . . . Secondary Targets 3 | . 3 . Max Gunslinging Chain 1 | . 1 . Shots Hit Robots 73 | . 58 15 Core Hits 46 | . 42 4 Critical Kills . | . . . Critical Parts Destroyed 1 | . 1 . Critical Strikes 2 | . 1 1 Destroy 1 | . 1 . Blast 1 | . . 1 Melee Attacks . | . . . Impact . | . . . Slashing . | . . . Piercing . | . . . Sneak Attacks . | . . . Combat Hostiles . | . . . Follow-up Attacks . | . . . Damage Inflicted 1695 | . 1380 315 Guns 483 | . 483 . Cannons 386 | . 242 144 Explosions 800 | . 629 171 Melee . | . . . Ramming 26 | . 26 . Kinetic 869 | . 725 144 Thermal . | . . . Explosive 800 | . 629 171 Electromagnetic . | . . . Impact . | . . . Slashing . | . . . Piercing . | . . . Highest Corruption 1 | . 1 . Average Corruption 1 | . 1 . Corruption Purged . | . . . Corruption Blocked . | . . . Overload Shots . | . . . Overflow Damage 53 | . 53 . Projectiles . | . . . Explosions 53 | . 53 . Melee . | . . . Knockbacks 1 | . 1 . Impact . | . . . Kinetic 1 | . 1 . Secondary . | . . . Self-Inflicted Damage 169 | . 148 21 Shots 10 | . 7 3 Rammed 3 | . 3 . Targets Rammed 3 | . 3 . Kicked . | . . . Crushed . | . . . Highest Temperature 58 | . 58 53 Average Temperature 18 | . 14 29 Received Heat Transfer 492 | . 357 135 Siege Activations . | . . . Robots Corrupted . | . . . Combat Hostiles . | . . . Parts Fried . | . . . Impact Corruptions . | . . . Robots Melted . | . . . Combat Hostiles . | . . . Parts Melted . | . . . Heat Transferred . | . . . Parts Sabotaged . | . . . Parts Stolen . | . . . Parts Stripped . | . . . Power Chain Reactions . | . . . Alert | -11 -10 -9 ------- Run | Yrd Mat Mat Peak Influence 276 | . 276 62 Initial 1 | . . 1 Average 120 | . 136 13 Maximum Alert Level 1 | . 1 . Low Security (%) 62 | 100 57 100 Level 1 37 | . 42 . Level 2 . | . . . Level 3 . | . . . Level 4 . | . . . Level 5 . | . . . High Security . | . . . Max Security . | . . . Squads Dispatched 6 | . 5 1 Investigation 4 | . 4 . Extermination . | . . . Reinforcement 2 | . 1 1 Assault . | . . . Garrison . | . . . Intercept . | . . . Searches Triggered . | . . . Construction Impeded 1 | . . 1 Haulers Reinforced . | . . . Active Scanning Responses . | . . . Cargo Convoy Interrupts . | . . . Stealth | -11 -10 -9 --------- Run | Yrd Mat Mat Distress Signals 3 | . 3 . Communications Jammed . | . . . Distress Signals . | . . . Times Spotted 28 | . 27 1 Peak Tracking Total 7 | . 7 1 Tactical Retreats 1 | . 1 . Traps | -11 -10 -9 ------- Run | Yrd Mat Mat Traps Triggered 10 | . 5 5 Indirectly . | . . . Trap Hack Attempts . | . . . Triggered . | . . . Disarmed . | . . . Reprogrammed . | . . . Reused . | . . . Traps Extracted . | . . . Installed . | . . . Triggered . | . . . Machines | -11 -10 -9 ---------- Run | Yrd Mat Mat Machines Disabled 3 | . 2 1 Max in Single Turn 1 | . 1 1 Machines Repaired . | . . . Machines Dismantled . | . . . Machines Sabotaged . | . . . Overloaded Fab Kills . | . . . Hacking | -11 -10 -9 --------- Run | Yrd Mat Mat Machines Accessed 9 | . 8 1 Terminals 7 | . 6 1 Fabricators . | . . . Repair Stations 1 | . 1 . Recycling Units 1 | . 1 . Scanalyzers . | . . . Garrison Access . | . . . Total Hacks 29 | . 26 3 Successful 11 | . 11 . Failed 18 | . 15 3 Catastrophic 3 | . 2 1 Database Lockouts . | . . . Manual . | . . . Terminals 20 | . 17 3 Fabricators . | . . . Repair Stations 7 | . 7 . Recycling Units 2 | . 2 . Scanalyzers . | . . . Garrison Access . | . . . Terminal Hacks 5 | . 5 . Unreport Threat 2 | . 2 . Investigation Status 1 | . 1 . Recall Investigation 1 | . 1 . Registered Components 1 | . 1 . Fabricator Hacks . | . . . Repair Station Hacks 6 | . 6 . Scan Component 3 | . 3 . Repair 3 | . 3 . Recycling Unit Hacks . | . . . Scanalyzer . | . . . Garrison Access Hacks . | . . . Unauthorized Hacks . | . . . Terminals . | . . . Fabricators . | . . . Repair Stations . | . . . Recycling Units . | . . . Scanalyzers . | . . . Garrison Access . | . . . Data Cores Recovered . | . . . Used . | . . . Hacking Detections 8 | . 7 1 Full Trace Events 5 | . 4 1 Feedback Events . | . . . Feedback Blocked . | . . . Robot Schematics Acquired . | . . . Robots Built . | . . . Authchips . | . . . Time . | . . . Total Robot Build Rating . | . . . Part Schematics Acquired . | . . . Parts Built . | . . . Authchips . | . . . Time . | . . . Total Part Build Rating . | . . . Parts Repaired 3 | . 3 . Time 78 | . 78 . Parts Recycled . | . . . Recycled Matter . | . . . Retrieved Matter . | . . . Retrieved Components . | . . . Parts Scanalyzed . | . . . Part Schematics Acquired . | . . . Parts Damaged . | . . . Bothacking | -11 -10 -9 ------------ Run | Yrd Mat Mat Used RIF Installer . | . . . Robots Hacked . | . . . Non-combat . | . . . Combat . | . . . Robot Hacks Applied . | . . . Relay Couplers Released . | . . . Fabnet Peak Effective % . | . . . Robots Rewired . | . . . Allies Hacked . | . . . Hacks Repelled . | . . . Allies | -11 -10 -9 -------- Run | Yrd Mat Mat Total Allies . | . . . Largest Group . | . . . Highest-Rated Group . | . . . Highest-Rated Ally . | . . . Total Orders . | . . . Ally Attacks . | . . . Total Damage . | . . . Kills . | . . . Allies Corrupted . | . . . Allies Melted . | . . . Intel | -11 -10 -9 ------- Run | Yrd Mat Mat Robot Analysis Total . | . . . Derelict Logs Recovered . | . . . Drone Launches . | . . . Drone Recoveries . | . . . Exploration | -11 -10 -9 ------------- Run | Yrd Mat Mat Turns Passed 1539 | 90 1352 97 Spaces Moved 854 | 51 748 55 Core 3 | 3 . . Treads 486 | 48 438 . Legs . | . . . Wheels 365 | . 310 55 Hover . | . . . Flight . | . . . Fastest Speed 50 | 50 100 100 Average Speed 138 | 153 139 101 Slowest Speed 240 | 160 240 115 Overloaded Moves . | . . . Propulsion Burnouts . | . . . Robots Hopped . | . . . Cave-ins Triggered . | . . . Exploration Rate (%) 37 | 5 99 8 Regions Visited 2 Branch Regions . Pre-discovered Areas . | . . . Known Exits Taken . | . . . Unknown Exits Taken 2 | 1 1 . Scrap Searched . | . . . Spaces Dug 4 | . 4 . Terrain Destroyed 85 | . 54 31 Melee . | . . . Projectile . | . . . AOE 85 | . 54 31 Terrain Rammed . | . . . Walls Destroyed . | . . . Machines Disabled . | . . . Actions | -11 -10 -9 --------- Run | Yrd Mat Mat Total 1084 | 60 948 76 Wait 115 | . 115 . Move 852 | 50 747 55 Hop . | . . . Pick Up 16 | 4 10 2 Fast Attach 18 | 6 5 7 Attach 7 | . 4 3 Detach . | . . . Swap 10 | . 9 1 Drop 1 | . 1 . Fire 62 | . 54 8 Melee . | . . . Ram 3 | . 3 . Kick . | . . . Crush . | . . . Escape Stasis . | . . . Rewire . | . . . Trap . | . . . Miscellaneous . | . . . Route ------- -11/Scrapyard -10/Materials (discovered 6 exits: *Mat x3 / [*Min x2] / [*Sub]) -9/Materials History --------- Turn | Location | Event 10 | -11/Scrapyard | Discovered new exit (range 15) 91 | -11/Scrapyard | Entered Materials 301 | -10/Materials | Build established: Mutant 445 | -10/Materials | Discovered new exit (range 4) 691 | -10/Materials | Core integrity fell below 50% 708 | -10/Materials | Discovered new exit (range 14) 841 | -10/Materials | Discovered new exit (range 8) 966 | -10/Materials | Discovered new exit (range 9) 1148 | -10/Materials | Discovered new exit (range 16) 1274 | -10/Materials | Discovered new exit (range 16) 1322 | -10/Materials | Repaired Com. Wheel 1350 | -10/Materials | Repaired Grenade Launcher 1377 | -10/Materials | Repaired Ion Engine 1443 | -10/Materials | Entered another Materials area 1443 | -9/Materials | Evolved 2 slots: Propulsion x1, Utility x1 1540 | -9/Materials | Self-destructed Last Messages --------------- 01504_ Acquired Com. Wheel. 01506_ Acquired Tractor Beam. 01508_ U-05 Engineer lays Concrete. 01510_ Acquired Ion Engine. 01510_ U-05 Engineer lays Concrete. 01515_ Critical hit (Burn: +37). 01519_ U-05 Engineer lays Concrete. 01521_ The unstable cave ceiling collapses. 01521_ ALERT: Construction progress impeded, dispatching reinforcements to local area. 01523_ U-05 Engineer destroyed. 01526_ Y-45 Defender Hvy. Assault Rifle blasted off. 01526_ Matter Filter disabled. 01529_ Critical hit (Burn: +37). 01531_ U-05 Engineer lays Concrete. 01539_ Tractor Beam destroyed. 01539_ Critical hit (Burn: +37). 01540_ U-05 Engineer lays Concrete. 01540_ Connecting with Terminal... 01540_ Current location identified: Materials Map ----- +----------------------------------------------------+ | ??????????????????????????????????????????? | | ??????????????????????????????????????????? | | ??????????????????????????????????????????? | | ?????????????????????????########?????????? | | ????????????????????????##! #?????????? | | ????????????????????????#! #?????????? | | ????????????????????????#! #?????????? | | ????????????????????????# #?????????? | | ????????????????????????#! #?????????? | | ????????????????????????##! #?????????? | | ?????????????????????????#### ########??? | | ????????????????????????????# # #??? | | ???????????????????????###### # #??? | | ???????????????????????# # # """ #??? | | ???????????????????????# + + """ #??? | | ???????????????????????# # # """ #??? | | ???????????????????????# # # #??? | | ???????????????????????# # ########??? | | ?????????????????"""???# # #?????????? | | ????????????# """"""???# # #?????????? | | ????????????# """"""??# # #?????????? | | ????????????# ?#! # #?????????? | | ???????????### ####### #?????????? | | ?????????? """ # #?????????? | | ?????????? == "T" # #?????????? | | ?????????? u = @ # #?????????? | | ?????????? Y * !# #?????????? | | ?????????? # #?????????? | | ?????????? u # ### #?????????? | | ??????????? ???# ^ #?????????? | | ?????????????????## # #?????????? | | ??????????????????#### #?????????? | | ?????????????????????# ########?????????? | | ?????????????????????# ?????????????????? | | ?????????????????????# ?????????????????? | | ?????????????????????# ?????????????????? | | ?????????????????????# ?????????????????? | | ?????????????????????# ?????????????????? | | ?????????????????????# ?????????????????? | | ?????????????????????# ?????????????????? | | ?????????????????????# ??????????????????? | | ????????????????????? ??????????????????? | | ????????????????????? ??????????????????? | | ??????????????????????? ??????????????????? | | ??????????????????????????????????????????? | | ??????????????????????????????????????????? | | ??????????????????????????????????????????? | | ??????????????????????????????????????????? | | ??????????????????????????????????????????? | | ??????????????????????????????????????????? | +----------------------------------------------------+ Best States ------------- Heat Dissipation 28 Energy Generation 10 Energy Capacity 250 Matter Stores 300 Matter Capacity 300 Sight Range 16 Terrain Scan Density 10 Evasion (%) 40 Recoil Reduction 2 Offensive Hacking 10 Item Schematics ----------------- None Robot Schematics ------------------ None Fabricated ------------ Nothing Alien Tech Used ----------------- None Achievements -------------- None Challenges ------------ None Game ------ Seed AluminumWardroneEngine Manual? 0 Play Time 00:20:24 Cumulative 5.0 hours Start 2024.12.08 @ 18:33:41 End 2024.12.08 @ 18:52:19 Sessions 1 Manual Loads 0 Difficulty Rogue Special Mode None Game No. 8 Rogue 8 Adventurer 0 Explorer 0 Win Type - Total 0 Types 0/0/0/0/0/0/0/0/0 Lore% 6 Gallery% 7 Achievement% 9 Wizard Run 0 Options --------- Layout 0 ASCII 0 Keyboard 0 Movement Mouse Keybinds 0 Fullscreen 1 Font 36/Smallcaps Map View 38x25 Zoom Use 95% Tactical HUD 1 Map Filters NONE Filters NONE Steam 1 RUN: 1198d105-5588-4bea-b573-1b634b126277